 Dungeon Crawl Stone Soup version 0.31-a0-204-g7da18cac08 (webtiles) character file.

Game seed: 183050105530702228

295 qw the Skirmisher (level 6, 0/35 HPs)
             Began as a Deep Elf Hunter on June 27, 2023.
             Succumbed to a scorpion's poison
             ... on level 5 of the Dungeon.
             The game lasted 00:01:04 (3158 turns).

qw the Skirmisher (Deep Elf Hunter)                 Turns: 3158, Time: 00:01:05

Health: 0/35       AC:  7    Str: 10    XL:     6   Next: 11%
Magic:  8/8        EV: 11    Int: 14    God:
Gold:   206        SH:  0    Dex: 18    Spells: 5/5 levels left

rFire   . . .        Y - +0 shortbow
rCold   . . .        (shield currently unavailable)
rNeg    . . .        j - +0 ring mail
rPois   .            e - +0 helmet
rElec   .            (no cloak)
rCorr   .            (no gloves)
SInv    +            i - +0 pair of boots
Will    .....        g - amulet of the acrobat
Stlth   +            n - ring of see invisible
HPRegen 0.25/turn    (no ring)
MPRegen 0.11/turn

%: acrobat
@: lethally poisoned (0 -> -3)
A: no striking features
a: no special abilities


You were on level 5 of the Dungeon.
You visited 1 branch of the dungeon, and saw 5 of its levels.

You collected 206 gold pieces.


   Skills:
 - Level 2.0 Fighting
 - Level 9.6 Ranged Weapons
 + Level 0.0 Armour
 - Level 2.4 Dodging
 - Level 1.2 Stealth


You had 5 spell levels left.
You didn't know any spells.
Your spell library was empty.

Inventory:

Hand Weapons
 Y - a +0 shortbow (weapon)
Armour
 e - a +0 helmet (worn)
 i - a +0 pair of boots (worn)
 j - a +0 ring mail (worn)
Jewellery
 g - an amulet of the acrobat (around neck)
 n - a ring of see invisible (left hand)
Potions
 b - a potion of degeneration {unknown}
 c - 2 potions of enlightenment
 d - 6 potions of curing
 h - a potion of mutation {unknown}
 k - a potion of ambrosia {unknown}
 o - a potion of brilliance {unknown}

Dungeon Overview and Level Annotations

Branches:
Dungeon (5/15)
 Temple: D:4-7

Altars:
Cheibriados
Hepliaklqana
Kikubaaqudgha
Nemelex Xobeh
Sif Muna
Yredelemnul

Annotations:
D:3 2 transporters


Message History

You feel very sick. The quokka closely misses you. The scorpion stings you.
You shoot an arrow. The arrow barely misses the scorpion.
You feel sick. The quokka misses you. The scorpion stings you.
You are more poisoned.
The scorpion poisons you!
You shoot an arrow. The arrow barely misses the scorpion.
You feel very sick.
The quokka bites you but does no damage.
The scorpion stings you. The quokka bites you.
The scorpion stings you but does no damage.
You shoot an arrow. The arrow hits the scorpion.
The scorpion is heavily wounded.
You feel very sick. The quokka barely misses you.
The scorpion barely misses you.
You shoot an arrow.
The arrow hits the scorpion but does no damage.
The scorpion is heavily wounded.
You feel sick. The quokka misses you.
The scorpion stings you but does no damage.
You shoot an arrow. The arrow hits the scorpion.
The scorpion is severely wounded.
You feel sick.
The quokka bites you but does no damage.
The scorpion barely misses you.
You shoot an arrow.
The arrow hits the scorpion but does no damage.
The scorpion is severely wounded.
You feel sick. The quokka bites you.
The scorpion stings you but does no damage.
The quokka bites you but does no damage.
You shoot an arrow. The arrow barely misses the scorpion.
You feel sick.
The scorpion stings you but does no damage.
The quokka bites you but does no damage.
The scorpion barely misses you.
You shoot an arrow.
The arrow hits the scorpion but does no damage.
The scorpion is severely wounded.
You die...

####......... ..
#............. ...
#.............##..# .
.................##..
.....................
.....................
........##....)......
.........#............
..............@r......
...........####s......
...).....#.# .......
.........####.###.....
...............# ....#
.........#....... #.##
####....#.....## ## .
##....##.....# .
#..##........#


You could see a scorpion and a quokka.

Vanquished Creatures
  Sigmund (D:4)
  Robin (D:3)
  5 adders
  3 worms
  2 dart slugs
  An orc (D:3)
  7 bats
  5 endoplasms
  3 giant cockroaches
  12 goblins
  7 hobgoblins
  6 jackals
  A quokka (D:3)
  6 ball pythons
  3 frilled lizards
  2 kobolds
  6 rats
71 creatures vanquished.

Notes
Turn   | Place    | Note
-------+----------+-------------------------------------------
     0 | D:1      | qw the Deep Elf Hunter began the quest for the Orb.
     0 | D:1      | Reached XP level 1. HP: 12/12 MP: 3/3
     0 | D:1      | 0 ||| qw: Version: 0.3-a-22-g0ed2b0b
     0 | D:1      | 0 ||| qw: Game counter: 6503
     0 | D:1      | 0 ||| qw: Melee chars always use a shield: true
     0 | D:1      | 0 ||| qw: God list: Okawaru
     0 | D:1      | 0 ||| qw: Allow faded altars: false
     0 | D:1      | 0 ||| qw: Do Orc after clearing Dungeon:15 true
     0 | D:1      | 0 ||| qw: Do second Lair branch before Depths: true
     0 | D:1      | 0 ||| qw: Lair rune preference: random
     0 | D:1      | 0 ||| qw: Goals: Normal
     0 | D:1      | 0 ||| PLANNING D:1-11
    79 | D:1      | You fall into a shaft and drop 1 floor!
   120 | D:2      | 120 ||| DRINKING 2 green potions.
   121 | D:2      | 121 ||| DROPPING scroll of butterflies.
   199 | D:1      | Reached XP level 2. HP: 16/16 MP: 4/4
   217 | D:1      | Reached skill level 6 in Ranged Weapons
   270 | D:1      | 270 ||| FLEEEEING.
   271 | D:1      | 271 ||| FLEEEEING.
   272 | D:1      | 272 ||| FLEEEEING.
   325 | D:1      | Found a faded altar of an unknown god.
   615 | D:1      | 615 ||| FLEEEEING.
   674 | D:1      | 674 ||| UPGRADING to +0 pair of boots.
   679 | D:1      | 679 ||| UPGRADING to +0 ring mail.
   689 | D:1      | 689 ||| DROPPING +0 leather armour.
   690 | D:1      | 690 ||| UPGRADING to amulet of the acrobat.
   695 | D:1      | 695 ||| READING scroll labelled DEELOM HEFYCAA.
   696 | D:1      | 696 ||| READING scroll labelled QYJURA SARIRE.
   700 | D:1      | 700 ||| READING scroll labelled EFEWAU FETHEIN.
   759 | D:2      | Reached XP level 3. HP: 19/20 MP: 5/5
   807 | D:2      | Reached skill level 7 in Ranged Weapons
  1029 | D:2      | Reached XP level 4. HP: 23/25 MP: 6/6
  1391 | D:2      | 1391 ||| READING scroll labelled OJAMASHROERE.
  1392 | D:2      | 1392 ||| DRINKING 2 purple potions.
  1432 | D:3      | 1432 ||| STAIRDANCE
  1575 | D:3      | Found a transporter.
  1604 | D:3      | Found a shimmering blue altar of Sif Muna.
  1672 | D:3      | Noticed Robin
  1687 | D:3      | Killed Robin
  1754 | D:3      | Found a transporter.
  1808 | D:3      | Reached skill level 8 in Ranged Weapons
  2370 | D:3      | 2370 ||| UPGRADING to +0 helmet.
  2375 | D:3      | 2375 ||| UPGRADING to ring of see invisible.
  2376 | D:3      | 2376 ||| READING scroll labelled KORISE WEYCW.
  2377 | D:3      | 2377 ||| READING 3 scrolls labelled KAARPH NEREYVE.
  2378 | D:3      | 2378 ||| DRINKING 2 ruby potions.
  2379 | D:3      | 2379 ||| DRINKING 2 murky grey potions.
  2406 | D:3      | 2406 ||| DROPPING potion of attraction.
  2407 | D:3      | 2407 ||| DROPPING potion of lignification.
  2408 | D:3      | 2408 ||| DROPPING 2 scrolls of revelation.
  2538 | D:4      | Noticed Sigmund
  2547 | D:4      | Killed Sigmund
  2548 | D:4      | Reached skill level 9 in Ranged Weapons
  2548 | D:4      | Reached XP level 5. HP: 18/29 MP: 7/7
  2651 | D:4      | Reached XP level 6. HP: 35/35 MP: 8/8
  2841 | D:4      | Identified the +9 trident of Oranac {antimagic, Stlth+}
  2928 | D:4      | Found an ancient bone altar of Kikubaaqudgha.
  2934 | D:4      | Found a snail-covered altar of Cheibriados.
  2939 | D:4      | Found a hazy altar of Hepliaklqana.
  3036 | D:4      | 3036 ||| READING scroll labelled ERUYPE PISTRI.
  3044 | D:4      | 3044 ||| STAIRDANCE
  3045 | D:3      | Found a basalt altar of Yredelemnul.
  3045 | D:3      | Found a sparkling altar of Nemelex Xobeh.
  3097 | D:4      | 3097 ||| DROPPING amulet of guardian spirit.
  3098 | D:4      | 3098 ||| DRINKING 2 black potions.
  3099 | D:4      | 3099 ||| DROPPING potion of invisibility.
  3111 | D:5      | Entered Level 5 of the Dungeon
  3153 | D:5      | HP: 8/35 [poisoned by a scorpion]
  3156 | D:5      | HP: 2/35 [quokka (2)]
  3158 | D:5      | Succumbed to a scorpion's poison

Levels and vault maps discovered:
D:1:      wander_arrival_estate, layout_loops_ring, basic_ecumenical_altar,
          kennysheep_nondescript
D:2:      layout_loops_ring
D:3:      gammafunk_wand_slinger, layout_basic, nicolae_overflow_hidden_temple,
          uniq_robin
D:4:      layout_basic, minmay_overflow_temple_star_quad, uniq_sigmund
D:5:      layout_cave_pools, nicolae_wu_jian_immortal_techniques,
          temple_statues, nicolae_stop_n_shop_1, minmay_small_thing,
          uniq_crazy_yiuf_cottage

Skill      XL: |  1  2  3  4  5  6 |
---------------+-------------------+-----
Ranged Weapons | 6 7 9 |  9.6
Fighting       | 2 |  2.0
Dodging        | |  2.4
Stealth        | |  1.2

Action                     |  1- 3 |  4- 6 || total
---------------------------+-------+-------++-------
   Fire: Shortbow          |   119 |   104 ||   223
    Use: Potion            |     1 |     4 ||     5
         Scroll            |     3 |     4 ||     7
 Armour: Leather armour    |    13 |       ||    13
         Ring mail         |    11 |    28 ||    39
  Dodge: Dodged            |    46 |    41 ||    87

Table legend:
 A = Non-vault XP
 B = Vault XP
 C = Vault XP percentage of total XP
 D = Non-vault monster count
 E = Vault monster count
 F = Vault count percentage of total count
                 A         B        C        D         E       F
            +---------+---------+-------+---------+---------+-------
      Total |     173 |     249 |  59.0 |      59 |      12 |  16.9
            +---------+---------+-------+---------+---------+-------
        D:1 |      35 |       0 |   0.0 |      20 |       0 |   0.0
        D:2 |      75 |       0 |   0.0 |      25 |       0 |   0.0
        D:3 |      19 |      35 |  64.8 |       8 |      11 |  57.9
        D:4 |      44 |     214 |  82.9 |       6 |       1 |  14.3
            +---------+---------+-------+---------+---------+-------
